[Event "January 9 Early 2024"]
[Site "https://www.chess.com"]
[Date "2024.01.11"]
[Round "2"]
[White "Mhango, Banele"]
[Black "Garkauskas, Otto Dmitry"]
[Result "1-0"]
[Board "95"]
[TimeControl "180+1"]
[WhiteFideId "14327040"]
[BlackFideId "2129523"]
[WhiteElo "2569"]
[BlackElo "2345"]
[WhiteTeam "RSA"]
[BlackTeam "BRA"]
[WhiteClock "0:00:20"]
[BlackClock "0:00:57"]

1. d4 d5 2. c4 c6 3. Nc3 Nf6 4. cxd5 c5 5. dxc5 g6 6. e4 Bg7 7. e5 Ng4 8. f4 O-O 9. Nf3 Qa5 10. h3 Nh6 11. Be3 Nf5 12. Bf2 Na6 13. a3 Rd8 14. g4 Nh6 15. Bg2 Be6 16. O-O Qc7 17. b4 Qc8 18. Ng5 Bd7 19. Qe2 f6 20. exf6 exf6 21. Ne6 Re8 22. Rae1 Nc7 23. Qc4 f5 24. Nxg7 Kxg7 25. g5 Nf7 26. Qd4+ Kg8 27. Rxe8+ Nxe8 28. Re1 Qd8 29. d6 Bc6 30. Nd5 Nxg5 31. fxg5 Qxg5 32. Ne7+ Kf7 33. Nxc6 bxc6 34. Re7+ Kf8 35. Qh8# 1-0

[Event "January 9 Early 2024"]
[Site "https://www.chess.com"]
[Date "2024.01.11"]
[Round "2"]
[White "Perez Ponsa, Federico"]
[Black "Pinheiro, Iung Alicio de O."]
[Result "0-1"]
[Board "96"]
[TimeControl "180+1"]
[WhiteFideId "117927"]
[BlackFideId "2104350"]
[WhiteElo "2865"]
[BlackElo "2600"]
[WhiteTeam "ARG"]
[BlackTeam "BRA"]
[WhiteClock "0:00:40"]
[BlackClock "0:00:29"]

1. e4 d6 2. d4 Nf6 3. Nc3 e5 4. Nf3 exd4 5. Nxd4 Be7 6. g3 O-O 7. Bg2 Re8 8. O-O Bf8 9. Re1 Nbd7 10. b3 c6 11. Bb2 Nc5 12. h3 a5 13. a3 Qb6 14. Qd2 Bd7 15. Rad1 Rad8 16. Kh2 Bc8 17. f4 g6 18. Qf2 Bg7 19. g4 Bxg4 20. Rd2 Bc8 21. e5 Nh5 22. exd6 Rxe1 23. Qxe1 Nxf4 24. Nf3 Nxg2 25. Kxg2 Be6 26. Ba1 Bf8 27. Ne4 Nxe4 28. Qxe4 Rxd6 29. Qe5 f6 30. Rxd6 fxe5 31. Rxe6 Qc5 32. Rxe5 Qxc2+ 33. Kf1 Qd1+ 0-1

[Event "January 9 Early 2024"]
[Site "https://www.chess.com"]
[Date "2024.01.11"]
[Round "2"]
[White "Kiselev, Vitalii"]
[Black "Kozak, Adam"]
[Result "1-0"]
[Board "97"]
[TimeControl "180+1"]
[WhiteFideId "4194128"]
[BlackFideId "753246"]
[WhiteElo "2732"]
[BlackElo "2888"]
[WhiteTeam "FID"]
[BlackTeam "HUN"]
[WhiteClock "0:00:42"]
[BlackClock "0:00:01"]

1. e4 c5 2. Nc3 Nc6 3. Bb5 e6 4. Bxc6 bxc6 5. d3 Rb8 6. b3 d5 7. Nge2 Nf6 8. O-O Be7 9. f3 O-O 10. Na4 c4 11. dxc4 dxe4 12. Qxd8 Rxd8 13. Be3 exf3 14. gxf3 Ba6 15. Bxa7 Ra8 16. Bc5 Rd2 17. Bxe7 Rxe2 18. Rf2 Re3 19. Rd1 Nh5 20. Nc5 h6 21. a4 g5 22. Bd6 Bc8 23. Ne4 f5 24. Ng3 1-0

[Event "January 9 Early 2024"]
[Site "https://www.chess.com"]
[Date "2024.01.11"]
[Round "2"]
[White "Sturt, Raven"]
[Black "Carre, Sylvain"]
[Result "1-0"]
[Board "98"]
[TimeControl "180+1"]
[WhiteFideId "2007304"]
[BlackFideId "642118"]
[WhiteElo "2733"]
[BlackElo "2369"]
[WhiteTeam "USA"]
[BlackTeam "FRA"]
[WhiteClock "0:01:17"]
[BlackClock "0:00:05"]

1. f4 Nh6 2. Nf3 d5 3. d3 Bg4 4. e4 dxe4 5. dxe4 Qxd1+ 6. Kxd1 Nc6 7. c3 O-O-O+ 8. Kc2 e5 9. h3 Bxf3 10. gxf3 Bd6 11. f5 Ng8 12. Bc4 f6 13. Rg1 g6 14. fxg6 hxg6 15. Rxg6 Nge7 16. Rg3 Kb8 17. Be6 Bc5 18. b4 Bf2 19. Rg2 Be1 20. Na3 Rd6 21. Bg4 Rhd8 22. Nc4 Rd3 23. Bb2 Bh4 24. b5 Bg5 25. bxc6 Nxc6 26. Rh1 Bh4 27. Rd2 Rxd2+ 28. Nxd2 Bg5 29. Nb3 a5 30. h4 Bf4 31. a4 Na7 32. Bc1 b5 33. Bxf4 bxa4 34. Nxa5 exf4 35. h5 Rh8 36. h6 Nb5 37. h7 Nd6 38. Bf5 Nxf5 39. exf5 Ka7 40. Nc6+ Kb6 41. Ne7 a3 42. Ng6 1-0

[Event "January 9 Early 2024"]
[Site "https://www.chess.com"]
[Date "2024.01.11"]
[Round "2"]
[White "Jusup, Matej"]
[Black "Tristan, Leonardo"]
[Result "0-1"]
[Board "99"]
[TimeControl "180+1"]
[WhiteFideId "14517876"]
[BlackFideId "113816"]
[WhiteElo "2376"]
[BlackElo "2735"]
[WhiteTeam "CRO"]
[BlackTeam "ARG"]
[WhiteClock "0:00:08"]
[BlackClock "0:00:59"]

1. e4 d5 2. exd5 Qxd5 3. Nc3 Qa5 4. d4 Nf6 5. Nf3 Bf5 6. Bc4 e6 7. Bd2 Bb4 8. a3 Bxc3 9. Bxc3 Qb6 10. O-O O-O 11. Bb3 Nc6 12. Ne5 Nxe5 13. dxe5 Rad8 14. exf6 Rxd1 15. Raxd1 gxf6 16. Bxf6 Qc6 17. Rd4 h6 18. Rfd1 Kh7 19. Rc4 Qb6 20. Rd7 e5 21. Be7 Bxd7 22. Bxf8 Be6 23. Rb4 Qc6 24. Bxe6 Qxe6 25. Rh4 h5 26. g4 Kg8 27. Bb4 hxg4 28. Kg2 Qd5+ 29. Kf1 Qd1+ 30. Kg2 f6 31. Bc3 Kg7 32. a4 Kg6 33. h3 Qf3+ 34. Kg1 gxh3 0-1

[Event "January 9 Early 2024"]
[Site "https://www.chess.com"]
[Date "2024.01.11"]
[Round "2"]
[White "Urquhart, Ed"]
[Black "Mirza, Diana"]
[Result "1-0"]
[Board "100"]
[TimeControl "180+1"]
[WhiteFideId "2603748"]
[BlackFideId "2503999"]
[WhiteElo "2438"]
[BlackElo "2009"]
[WhiteTeam "CAN"]
[BlackTeam "IRL"]
[WhiteClock "0:00:47"]
[BlackClock "0:00:05"]

1. e4 c5 2. Nc3 e6 3. d4 cxd4 4. Qxd4 Nc6 5. Qd3 a6 6. Bf4 Nf6 7. O-O-O Bb4 8. f3 O-O 9. Kb1 Qa5 10. Nge2 d5 11. exd5 exd5 12. a3 Bxa3 13. bxa3 Qxa3 14. Bc1 Qa5 15. Nxd5 Be6 16. Nec3 Nxd5 17. Nxd5 Rad8 18. c4 Nb4 19. Qb3 Nxd5 20. cxd5 Bxd5 21. Qc2 Rc8 22. Qd2 Qb6+ 23. Bb2 Bb3 24. Rc1 Rcd8 25. Qc3 Qg6+ 26. Ka1 Rd1 27. Qxb3 Rxc1+ 28. Bxc1 Qf6+ 29. Bb2 Qd6 30. Bc4 Rd8 31. Bxf7+ Kh8 32. Qc3 Qb6 33. Qxg7# 1-0

[Event "January 9 Early 2024"]
[Site "https://www.chess.com"]
[Date "2024.01.11"]
[Round "2"]
[White "Kohler, Aran"]
[Black "Boldoo, Erdenepurev"]
[Result "1-0"]
[Board "101"]
[TimeControl "180+1"]
[WhiteFideId "1002856"]
[BlackFideId "4901037"]
[WhiteElo "2255"]
[BlackElo "2548"]
[WhiteTeam "NED"]
[BlackTeam "MGL"]
[WhiteClock "0:00:26"]
[BlackClock "0:00:07"]

1. d4 Nf6 2. Nf3 g6 3. Bg5 Bg7 4. Nbd2 d5 5. e3 O-O 6. Bd3 c5 7. c3 Nc6 8. h4 h5 9. dxc5 e5 10. e4 Be6 11. Qe2 Qe7 12. b4 Rad8 13. exd5 Bxd5 14. Ne4 Nxe4 15. Bxe7 Nxc3 16. Bxf8 Kxf8 17. Qe3 e4 18. O-O exf3 19. Rac1 fxg2 20. Rfe1 Be6 21. Bxg6 Nd5 22. Qg5 Nd4 23. Qxd8# 1-0

[Event "January 9 Early 2024"]
[Site "https://www.chess.com"]
[Date "2024.01.11"]
[Round "2"]
[White "Xu, Yi"]
[Black "Maltsevskaya, Aleksandra"]
[Result "1-0"]
[Board "102"]
[TimeControl "180+1"]
[WhiteFideId "8605564"]
[BlackFideId "24174041"]
[WhiteElo "2865"]
[BlackElo "2576"]
[WhiteTeam "CHN"]
[BlackTeam "POL"]
[WhiteClock "0:00:46"]
[BlackClock "0:00:01"]

1. e4 c6 2. d4 d5 3. e5 Bf5 4. h4 h5 5. Bd3 Bxd3 6. Qxd3 Qa5+ 7. Nd2 e6 8. Ne2 c5 9. O-O Nc6 10. Nf3 c4 11. Qd1 Nge7 12. Ng3 Ng6 13. Bg5 Be7 14. c3 Bxg5 15. Nxg5 Nxh4 16. Nxh5 g6 17. Nf6+ Ke7 18. g3 Nf5 19. Kg2 b5 20. a3 Qb6 21. Rh1 a5 22. Qf3 Raf8 23. Qxd5 Rd8 24. Qf3 b4 25. axb4 axb4 26. Nfe4 b3 27. g4 1-0

[Event "January 9 Early 2024"]
[Site "https://www.chess.com"]
[Date "2024.01.11"]
[Round "2"]
[White "Delgado Kuffo, Andres"]
[Black "Kopczynski, Michal"]
[Result "0-1"]
[Board "103"]
[TimeControl "180+1"]
[WhiteFideId "3600475"]
[BlackFideId "1124200"]
[WhiteElo "2305"]
[BlackElo "2524"]
[WhiteTeam "ECU"]
[BlackTeam "POL"]
[WhiteClock "0:00:03"]
[BlackClock "0:01:17"]

1. e4 b6 2. d4 Bb7 3. Bd3 e6 4. Nf3 Nf6 5. Qe2 d5 6. e5 Nfd7 7. O-O c5 8. c3 Nc6 9. a3 Qc7 10. b4 c4 11. Bc2 h6 12. h4 O-O-O 13. h5 Re8 14. Bf4 f6 15. Bg6 Rd8 16. Bg3 fxe5 17. dxe5 Be7 18. Nbd2 Nf8 19. Bc2 Rg8 20. a4 g6 21. hxg6 Nxg6 22. a5 b5 23. a6 Ba8 24. Bxg6 Rxg6 25. Nh4 Rgg8 26. Qh5 d4 27. Qxh6 dxc3 28. Qxe6+ Kb8 29. Ne4 Nd4 30. Qxg8 Rxg8 31. e6 Ne2+ 32. Kh2 Nxg3 33. fxg3 Bxe4 34. Rf4 Qxf4 35. gxf4 Bxh4 36. Kh3 Be7 37. g4 Bxb4 38. f5 Be7 39. Re1 c2 40. Kg3 Bg5 0-1

[Event "January 9 Early 2024"]
[Site "https://www.chess.com"]
[Date "2024.01.11"]
[Round "2"]
[White "Alexanian, Nelli"]
[Black "Gheorghiu, Calin"]
[Result "0-1"]
[Board "104"]
[TimeControl "180+1"]
[WhiteFideId "4170539"]
[BlackFideId "1200305"]
[WhiteElo "1951"]
[BlackElo "2433"]
[WhiteTeam "TUR"]
[BlackTeam "ROU"]
[WhiteClock "0:00:23"]
[BlackClock "0:00:28"]

1. d4 Nf6 2. c4 g6 3. Nc3 d5 4. h4 h6 5. h5 g5 6. Nf3 Bg7 7. e3 O-O 8. Bd3 Bg4 9. cxd5 Nxd5 10. Nxd5 Qxd5 11. e4 Qa5+ 12. Bd2 Qb6 13. Bc3 Nc6 14. e5 Rad8 15. Rc1 f6 16. Bc4+ Kh8 17. d5 Nxe5 18. Be2 Nxf3+ 19. Bxf3 Bxf3 20. Qxf3 f5 21. Bxg7+ Kxg7 22. Qc3+ Qf6 23. Qxc7 Rc8 24. Qxc8 Rxc8 25. Rxc8 Qe5+ 26. Kf1 Qxd5 0-1

[Event "January 9 Early 2024"]
[Site "https://www.chess.com"]
[Date "2024.01.11"]
[Round "2"]
[White "Kekic, Armin"]
[Black "Matta, Nicholas"]
[Result "1/2-1/2"]
[Board "105"]
[TimeControl "180+1"]
[WhiteFideId "14401274"]
[BlackFideId "30914523"]
[WhiteElo "2346"]
[BlackElo "2518"]
[WhiteTeam "BIH"]
[BlackTeam "USA"]
[WhiteClock "0:00:30"]
[BlackClock "0:00:35"]

1. e4 c5 2. Nf3 Nf6 3. Nc3 d5 4. exd5 Nxd5 5. Bc4 Nxc3 6. bxc3 e6 7. O-O Be7 8. d4 O-O 9. Bf4 Nd7 10. Ne5 Nxe5 11. Bxe5 Bd7 12. Bd3 Bc6 13. Qg4 Bf6 14. Rad1 Bxe5 15. dxe5 Qe7 16. Be4 Bxe4 17. Qxe4 Rfd8 18. Rd3 Rd7 19. Rfd1 Rad8 20. Rxd7 Rxd7 21. Rxd7 Qxd7 22. Qd3 Qc7 23. f4 g6 24. c4 Qa5 25. Kf2 Kg7 26. a3 Qa4 27. Qb3 Qc6 28. Qd3 a6 29. Qd8 h5 30. Qf6+ Kg8 31. Qd8+ Kh7 32. Qe7 Kg7 33. Qf6+ Kf8 34. Qh8+ Ke7 35. Qf6+ Ke8 36. Qh8+ Ke7 37. Qf6+ Kf8 38. Qh8+ Ke7 1/2-1/2

[Event "January 9 Early 2024"]
[Site "https://www.chess.com"]
[Date "2024.01.11"]
[Round "2"]
[White "Hartikainen, Jarmo"]
[Black "Marn, Jan"]
[Result "0-1"]
[Board "106"]
[TimeControl "180+1"]
[WhiteFideId "503134"]
[BlackFideId "14619245"]
[WhiteElo "2169"]
[BlackElo "2464"]
[WhiteTeam "FIN"]
[BlackTeam "SLO"]
[WhiteClock "0:00:03"]
[BlackClock "0:00:57"]

1. e4 b6 2. d4 Bb7 3. Bd3 e6 4. Qe2 Nf6 5. c3 c5 6. Nf3 Be7 7. h3 cxd4 8. cxd4 d6 9. Nc3 a6 10. Bf4 Nbd7 11. Rc1 b5 12. O-O O-O 13. Nb1 Rc8 14. Nbd2 Rxc1 15. Rxc1 Qa8 16. Bb1 Rc8 17. Re1 Nb6 18. Qd3 d5 19. Ng5 dxe4 20. Ngxe4 Nbd5 21. Nxf6+ Nxf6 22. g4 g6 23. Be5 Nd5 24. Bg3 Bf6 25. h4 Nb4 26. Qe3 Nc2 27. Bxc2 Rxc2 28. Be5 Bxe5 29. dxe5 Rxb2 30. h5 Rxa2 31. hxg6 hxg6 32. Kh2 Qd8 33. Ne4 Qh4+ 34. Kg1 Qxg4+ 35. Ng3 Qh3 0-1

[Event "January 9 Early 2024"]
[Site "https://www.chess.com"]
[Date "2024.01.11"]
[Round "2"]
[White "De Winter, Arthur"]
[Black "Yurasov, Matfey"]
[Result "1-0"]
[Board "107"]
[TimeControl "180+1"]
[WhiteFideId "1069020"]
[BlackFideId "55617603"]
[WhiteElo "2807"]
[BlackElo "2543"]
[WhiteTeam "NED"]
[BlackTeam "FID"]
[WhiteClock "0:00:31"]
[BlackClock "0:00:10"]

1. e4 e5 2. Nf3 Nf6 3. Nxe5 d6 4. Nf3 Nxe4 5. Bd3 d5 6. Nc3 Nxc3 7. dxc3 Be7 8. Bf4 O-O 9. Qd2 c5 10. O-O-O Nc6 11. h4 Bg4 12. Rde1 Re8 13. Ng5 h6 14. Bh7+ Kf8 15. f3 hxg5 16. hxg5 Be6 17. Bf5 Bd6 18. g6 Qc7 19. Bg5 Kg8 20. g4 f6 21. Rxe6 fxg5 22. Rxe8+ Rxe8 23. Qxd5+ Kf8 24. Rh8+ Ke7 25. Qf7+ 1-0

[Event "January 9 Early 2024"]
[Site "https://www.chess.com"]
[Date "2024.01.11"]
[Round "2"]
[White "Fernandez Guillen, Ernesto J."]
[Black "Ljukin, Sergei"]
[Result "1-0"]
[Board "108"]
[TimeControl "180+1"]
[WhiteFideId "3512428"]
[BlackFideId "14102200"]
[WhiteElo "2792"]
[BlackElo "2536"]
[WhiteTeam "CUB"]
[BlackTeam "UKR"]
[WhiteClock "0:00:37"]
[BlackClock "0:00:08"]

1. e4 e6 2. Nf3 d5 3. Nc3 Nf6 4. e5 Nfd7 5. d4 c5 6. Ne2 cxd4 7. Nexd4 Nc6 8. Nxc6 bxc6 9. Bd3 f6 10. O-O fxe5 11. Ng5 Nf6 12. Bxh7 Nxh7 13. Qh5+ Kd7 14. Nxh7 Be7 15. Qg6 Qg8 16. Ng5 Rh6 17. Qd3 e4 18. Nxe4 Qh7 19. Bxh6 Qxh6 20. Rad1 a5 21. Rfe1 Ba6 22. Qc3 Rh8 23. h3 Bb4 24. Nc5+ Kd6 25. Qe5+ Kxc5 26. c3 Re8 27. cxb4+ axb4 28. Qc7 e5 29. Rc1+ Kb5 30. a4+ bxa3 31. bxa3 1-0

[Event "January 9 Early 2024"]
[Site "https://www.chess.com"]
[Date "2024.01.11"]
[Round "2"]
[White "Madaminov, Mukhiddin"]
[Black "Kokoszczynski, Jan"]
[Result "1-0"]
[Board "109"]
[TimeControl "180+1"]
[WhiteFideId "14210703"]
[BlackFideId "1174460"]
[WhiteElo "2872"]
[BlackElo "2578"]
[WhiteTeam "UZB"]
[BlackTeam "POL"]
[WhiteClock "0:00:21"]
[BlackClock "0:00:12"]

1. e4 c5 2. Nf3 d6 3. d4 cxd4 4. Nxd4 Nf6 5. Nc3 g6 6. Bc4 Bg7 7. f3 Nc6 8. Be3 O-O 9. Bb3 Nxd4 10. Bxd4 Be6 11. Qd2 a6 12. O-O-O b5 13. h4 Qa5 14. h5 Bxb3 15. cxb3 e5 16. Be3 Rac8 17. Kb1 Nxh5 18. Bh6 d5 19. Bxg7 Kxg7 20. Rxh5 gxh5 21. Qg5+ Kh8 22. Qf6+ Kg8 23. Nxd5 Rfe8 24. Qg5+ Kf8 25. Qh6+ 1-0

[Event "January 9 Early 2024"]
[Site "https://www.chess.com"]
[Date "2024.01.11"]
[Round "2"]
[White "Khripachenko, Alexander"]
[Black "Belov, Alexei"]
[Result "1-0"]
[Board "110"]
[TimeControl "180+1"]
[WhiteFideId "54184975"]
[BlackFideId "4128206"]
[WhiteElo "2825"]
[BlackElo "2547"]
[WhiteTeam "FID"]
[BlackTeam "RUS"]
[WhiteClock "0:00:53"]
[BlackClock "0:00:03"]

1. e4 e6 2. d4 d5 3. Nd2 Nf6 4. e5 Nfd7 5. f4 c5 6. c3 Nc6 7. Ndf3 Qb6 8. a3 a5 9. b3 Be7 10. Be3 f6 11. Bd3 cxd4 12. cxd4 fxe5 13. fxe5 Ndxe5 14. Nxe5 Nxe5 15. Qh5+ Nf7 16. Ne2 Qxb3 17. O-O g6 18. Qf3 O-O 19. Nf4 Ng5 20. Qe2 Qb6 21. Nxg6 hxg6 22. Bxg6 Bd7 23. Qh5 Rxf1+ 24. Rxf1 Rf8 25. Rxf8+ Bxf8 26. Qxg5 Bg7 27. Qe7 Qc6 28. Qf7+ Kh8 29. Bh6 Bxd4+ 30. Kh1 Qc5 31. Qh7# 1-0

[Event "January 9 Early 2024"]
[Site "https://www.chess.com"]
[Date "2024.01.11"]
[Round "2"]
[White "Niedbala, Bartlomiej"]
[Black "Aronian, Levon"]
[Result "0-1"]
[Board "111"]
[TimeControl "180+1"]
[WhiteFideId "21834008"]
[BlackFideId "13300474"]
[WhiteElo "2677"]
[BlackElo "3094"]
[WhiteTeam "POL"]
[BlackTeam "USA"]
[WhiteClock "0:00:04"]
[BlackClock "0:00:29"]

1. e4 c5 2. Nf3 e6 3. d4 cxd4 4. Nxd4 Nc6 5. Nc3 Qc7 6. Be3 a6 7. Qf3 Nf6 8. O-O-O Ne5 9. Qg3 h5 10. h4 b5 11. Bf4 d6 12. Bxe5 dxe5 13. Bxb5+ axb5 14. Ncxb5 Qc5 15. b4 Qc4 16. Qxe5 Bxb4 17. Nc7+ Kf8 18. Nxa8 Qxa2 19. Nc6 Nd7 20. Rxd7 Ba3+ 21. Kd2 Bxd7 22. Qb8+ Be8 23. Nc7 Kg8 24. Qxe8+ Kh7 25. Qxf7 Rf8 26. Qxh5+ Kg8 27. Ne7+ Bxe7 28. Nxe6 Qxe6 0-1

[Event "January 9 Early 2024"]
[Site "https://www.chess.com"]
[Date "2024.01.11"]
[Round "2"]
[White "Terry, Renato"]
[Black "Smirnov, Alexandr A."]
[Result "0-1"]
[Board "112"]
[TimeControl "180+1"]
[WhiteFideId "3803457"]
[BlackFideId "24104396"]
[WhiteElo "2979"]
[BlackElo "2667"]
[WhiteTeam "PER"]
[BlackTeam "RUS"]
[WhiteClock "0:01:12"]
[BlackClock "0:00:15"]

1. d4 Nf6 2. Bg5 c5 3. dxc5 Qa5+ 4. Nd2 Qxc5 5. e3 Qxg5 6. Ngf3 Qa5 7. Bd3 Nc6 8. O-O g6 9. e4 d6 10. c3 Bg7 11. b4 Qc7 12. Nc4 Ne5 13. Nfxe5 dxe5 14. Ne3 Be6 15. Bb5+ Bd7 16. Bd3 O-O 17. Rc1 Be6 18. Qe2 Rfd8 19. c4 Bh6 20. Rc3 Rd7 21. Nc2 Rad8 22. Na3 a6 23. c5 Rd4 24. Nc2 R4d7 25. Na3 Qc6 26. b5 Qc8 27. c6 bxc6 28. bxc6 Ra7 29. Rb1 Rd6 30. Qc2 Rc7 31. Rb6 Bd2 32. Bxa6 Qd8 33. Rd3 Ra7 34. Qxd2 Rxd3 35. Qxd3 Qxb6 36. Bb5 Rxa3 37. Qxa3 Qxb5 38. Qc1 Qc4 39. Qa1 Qxc6 40. f3 Nxe4 41. fxe4 Qxe4 42. Kh1 Bd5 43. Qf1 Bxa2 44. Kg1 Bd5 45. h3 f5 46. Kh2 f4 0-1

[Event "January 9 Early 2024"]
[Site "https://www.chess.com"]
[Date "2024.01.11"]
[Round "2"]
[White "Finek, Vaclav"]
[Black "Srdanovic, Jovana"]
[Result "1-0"]
[Board "113"]
[TimeControl "180+1"]
[WhiteFideId "23718293"]
[BlackFideId "954810"]
[WhiteElo "2829"]
[BlackElo "2549"]
[WhiteTeam "CZE"]
[BlackTeam "SRB"]
[WhiteClock "0:00:15"]
[BlackClock "0:00:38"]

1. d4 d5 2. c4 c6 3. Nf3 Nf6 4. Qc2 dxc4 5. Qxc4 Bf5 6. g3 e6 7. Bg2 Nbd7 8. O-O Be7 9. e3 O-O 10. Rd1 Be4 11. Nc3 Nb6 12. Qe2 Bg6 13. e4 Bb4 14. Ne5 Nfd7 15. Nd3 Be7 16. h4 h6 17. Nf4 Bh7 18. Be3 a5 19. Rac1 Qe8 20. Nd3 a4 21. Bf4 Bf6 22. h5 a3 23. b3 e5 24. dxe5 Nxe5 25. Nxe5 Bxe5 26. Bxe5 Qxe5 27. f4 Qc5+ 28. Kh2 Qb4 29. Qd2 Ra5 30. Bf3 Rc5 31. Kg2 Qa5 32. Nb1 Qa8 33. Rxc5 1-0

[Event "January 9 Early 2024"]
[Site "https://www.chess.com"]
[Date "2024.01.11"]
[Round "2"]
[White "Tarnowska, Aleksandra"]
[Black "Swicarz, Maciej"]
[Result "0-1"]
[Board "114"]
[TimeControl "180+1"]
[WhiteFideId "1180967"]
[BlackFideId "1113585"]
[WhiteElo "2202"]
[BlackElo "2477"]
[WhiteTeam "POL"]
[BlackTeam "POL"]
[WhiteClock "0:00:02"]
[BlackClock "0:01:12"]

1. e4 c5 2. Nf3 d6 3. Bb5+ Nd7 4. O-O a6 5. Bxd7+ Bxd7 6. Re1 e5 7. d3 Be7 8. Nbd2 f5 9. exf5 Bxf5 10. Ne4 Nf6 11. Ng3 Be6 12. Ng5 Bd5 13. Nf5 O-O 14. c4 Bf7 15. Be3 Qd7 16. Nxe7+ Qxe7 17. Qf3 Bg6 18. Rad1 Kh8 19. Qh3 Rae8 20. Bc1 Nh5 21. Ne4 Nf4 22. Bxf4 Rxf4 23. Re3 Ref8 24. f3 b5 25. cxb5 axb5 26. Qg3 Qe6 27. a3 R4f7 28. Ng5 Qb3 29. Nxf7+ Rxf7 30. Qf2 Qxd1+ 31. Re1 Qxd3 32. b4 Qd4 33. Qxd4 cxd4 34. Rc1 h6 35. Kf2 e4 36. Ke2 e3 37. Rc8+ Kh7 38. Rc6 Re7 39. Rxd6 d3+ 40. Kd1 d2 41. Ke2 Bc2 42. Rd8 Bb3 43. g4 Bc4+ 44. Kd1 e2+ 45. Kxd2 e1=Q+ 0-1

[Event "January 9 Early 2024"]
[Site "https://www.chess.com"]
[Date "2024.01.11"]
[Round "2"]
[White "Kantans, Toms"]
[Black "Khismatullin, Denis"]
[Result "0-1"]
[Board "115"]
[TimeControl "180+1"]
[WhiteFideId "11602945"]
[BlackFideId "4142578"]
[WhiteElo "2631"]
[BlackElo "2960"]
[WhiteTeam "LAT"]
[BlackTeam "RUS"]
[WhiteClock "0:00:04"]
[BlackClock "0:00:50"]

1. e4 c5 2. Nf3 d6 3. Bb5+ Nd7 4. a4 Nf6 5. Nc3 g6 6. a5 Bg7 7. O-O O-O 8. d3 Nb8 9. a6 Nxa6 10. Bxa6 bxa6 11. Nd2 Nd7 12. Nc4 Nb6 13. Bd2 Nxc4 14. dxc4 Bb7 15. Qe2 Qd7 16. Ra2 f5 17. exf5 Rxf5 18. Nd5 Bxd5 19. cxd5 Rxd5 20. Rxa6 Qb7 21. b3 Kh8 22. Ra4 Rd4 23. Rfa1 Rxa4 24. Rxa4 a6 25. h4 Qd5 26. Bg5 e5 27. Rxa6 Rxa6 28. Qxa6 h6 29. Be7 Qd1+ 30. Kh2 Qxc2 31. Qxd6 Qxf2 32. Qxc5 Qf4+ 33. Kh1 e4 34. b4 e3 35. Qc8+ Kh7 36. Qe6 Be5 37. g3 Qf3+ 0-1

[Event "January 9 Early 2024"]
[Site "https://www.chess.com"]
[Date "2024.01.11"]
[Round "2"]
[White "Domalchuk-Jonasson, Aleksandr"]
[Black "Bjerre, Jonas Buhl"]
[Result "0-1"]
[Board "116"]
[TimeControl "180+1"]
[WhiteFideId "14142805"]
[BlackFideId "1444948"]
[WhiteElo "2626"]
[BlackElo "2956"]
[WhiteTeam "ISL"]
[BlackTeam "DEN"]
[WhiteClock "0:00:29"]
[BlackClock "0:00:13"]

1. d4 Nf6 2. c4 e6 3. Nc3 Bb4 4. Qc2 c5 5. dxc5 Na6 6. Nf3 Nxc5 7. a3 Bxc3+ 8. Qxc3 a5 9. b3 Qb6 10. Rb1 O-O 11. Be3 Qc7 12. g3 b6 13. Bg2 Bb7 14. O-O d5 15. Rfd1 dxc4 16. Qxc4 Bd5 17. Qb5 Nfe4 18. Rbc1 Nd6 19. Qd3 h6 20. b4 axb4 21. axb4 Nxd3 22. Rxc7 Nb2 23. Rb1 Nbc4 24. Bd4 Nb5 25. Rd7 Rad8 26. Rxd8 Rxd8 27. e3 Bxf3 28. Bxf3 Nxd4 29. exd4 Nd2 0-1

[Event "January 9 Early 2024"]
[Site "https://www.chess.com"]
[Date "2024.01.11"]
[Round "2"]
[White "Romero Arzuaga, Yudel"]
[Black "Bardyk, Artem"]
[Result "0-1"]
[Board "117"]
[TimeControl "180+1"]
[WhiteFideId "3521010"]
[BlackFideId "34349979"]
[WhiteElo "2440"]
[BlackElo "2770"]
[WhiteTeam "CUB"]
[BlackTeam "RUS"]
[WhiteClock "0:01:09"]
[BlackClock "0:00:13"]

1. d4 d5 2. Nf3 Nf6 3. Bf4 c6 4. e3 g6 5. Nbd2 Bg7 6. Be2 O-O 7. h3 Nbd7 8. O-O Re8 9. Bh2 Ne4 10. c4 Nxd2 11. Qxd2 Nf6 12. Rfd1 Be6 13. Qc2 dxc4 14. Bxc4 Bxc4 15. Qxc4 Qd5 16. Qc2 Rad8 17. b4 Qe4 18. Qxe4 Nxe4 19. Rab1 Nc3 20. Rdc1 Nxb1 21. Rxb1 Rd5 22. a4 f6 23. Bg3 e5 24. Rb2 exd4 25. exd4 Kf7 26. b5 cxb5 27. axb5 g5 28. Ra2 Rxb5 29. Rxa7 h5 30. Bd6 g4 31. hxg4 hxg4 32. Nd2 f5 33. Bc5 Re1+ 34. Kh2 Bh6 35. Nc4 Bf4+ 36. g3 Rbb1 37. Rxb7+ Rxb7 38. gxf4 Rbb1 39. f3 Re2+ 40. Kg3 Rg1+ 41. Kh4 gxf3 42. Ne5+ Rxe5 43. dxe5 Rg4+ 44. Kh3 Ke6 45. Be3 Kd5 46. Bc1 f2 0-1

[Event "January 9 Early 2024"]
[Site "https://www.chess.com"]
[Date "2024.01.11"]
[Round "2"]
[White "Hungaski, Robert"]
[Black "Saim, Mohamed Ilias"]
[Result "0-1"]
[Board "118"]
[TimeControl "180+1"]
[WhiteFideId "2021030"]
[BlackFideId "7900465"]
[WhiteElo "2424"]
[BlackElo "2109"]
[WhiteTeam "USA"]
[BlackTeam "ALG"]
[WhiteClock "0:00:19"]
[BlackClock "0:00:15"]

1. e4 c5 2. Nc3 a6 3. d4 cxd4 4. Qxd4 Nc6 5. Qd2 e6 6. b3 Nf6 7. a3 d5 8. exd5 exd5 9. Bd3 Bd6 10. Bb2 O-O 11. O-O-O Be6 12. Kb1 Qe7 13. Qc1 b5 14. Nce2 Ne4 15. Bxe4 dxe4 16. Nh3 Rfc8 17. Rxd6 Qxd6 18. Qg5 Qf8 19. Nhf4 f6 20. Qg3 Bf5 21. Nh5 Bg6 22. Nef4 Ne5 23. Ne6 Qf7 24. Nhxg7 e3 25. fxe3 Rxc2 26. Nf5 Qxe6 27. Kxc2 Qxf5+ 28. Kd2 Qc2+ 29. Ke1 Nd3+ 0-1

[Event "January 9 Early 2024"]
[Site "https://www.chess.com"]
[Date "2024.01.11"]
[Round "2"]
[White "Kotlyar, Kirill"]
[Black "Bonin, Jay"]
[Result "0-1"]
[Board "119"]
[TimeControl "180+1"]
[WhiteFideId "24145599"]
[BlackFideId "2000644"]
[WhiteElo "2597"]
[BlackElo "2325"]
[WhiteTeam "RUS"]
[BlackTeam "USA"]
[WhiteClock "0:00:16"]
[BlackClock "0:00:49"]

1. e4 c5 2. Nf3 Nc6 3. d4 cxd4 4. Nxd4 e5 5. Nb5 d6 6. c4 Be7 7. N1c3 a6 8. Na3 Be6 9. Be3 Bg5 10. Qd2 Bxe3 11. Qxe3 Nf6 12. Be2 O-O 13. O-O Nd4 14. Rac1 Rc8 15. Nd5 Bxd5 16. cxd5 b5 17. Bd3 Qa5 18. Rxc8 Rxc8 19. Rc1 Rxc1+ 20. Qxc1 g6 21. h3 Nh5 22. g3 Kg7 23. Kg2 Nf6 24. Bb1 Nd7 25. Nc2 Qc7 26. Qd1 Qc4 27. Nxd4 exd4 28. Qd2 Nc5 29. h4 d3 30. Qc3+ Qxc3 31. bxc3 d2 32. Bc2 Nxe4 33. Kf3 Nxc3 34. Ke3 d1=Q 35. Bxd1 Nxd1+ 36. Ke2 Nc3+ 37. Kd3 Nxa2 38. Kc2 Nb4+ 0-1